[ PARTIDA AOE2 · #495303746 ]
UnrankedMongoles vs Mongols
Equipo del jugador · VICT
Equipo rival · DERR
[ ANÁLISIS DE REPETICIÓN · EXTRAÍDO DE LA PARTIDA GRABADA ]
Feudal
8:26
Castillos
20:24
Imperial
37:33
| APM promedio | 70.2 |
| APM pico | 109 |
| eAPM promedio | 39.5 |
| Aldeanos / militares | 166 / 174 |
Foco
⚔️ 39.5% · 🌾 60.5%
Mangudai ×130 · Fishing Ship ×15 · Unknown (2626) ×12 · Demolition Raft ×11 · Steppe Lancer ×10 · Scorpion ×7
Feudal
8:27
Castillos
22:41
Imperial
34:37
| APM promedio | 43.9 |
| APM pico | 79 |
| eAPM promedio | 24.4 |
| Aldeanos / militares | 127 / 141 |
Foco
⚔️ 46.0% · 🌾 54.0%
Mangudai ×104 · Fishing Ship ×43 · Battering Ram ×21 · Unknown (2626) ×20 · Fire Galley ×10 · Demolition Raft ×6
Mapa de la partida
Recursos iniciales + cada clic de construcción. Líneas = muros · curvas = relieve. ◆ oro · ⬟ piedra · ● bayas · ✦ reliquia · ◌ hueco del cierre
Tu base· Abierta — flanco sin cerrar
Base de MatzeAoE· Abierta — flanco sin cerrar
Terreno inicial suavizado · ◌ = hueco del cierre detectado · pasá el cursor para detalles
Inputs por minuto
— LE | Dimo - - MatzeAoE
Build order — LE | Dimo
Primeras 150 de 606 acciones detectadas
| 0:00 | Crear | Villager (Male) |
| 0:01 | Construir | House |
| 0:02 | Construir | House |
| 0:09 | Crear | Villager (Male) |
| 0:09 | Crear | Villager (Male) |
| 0:12 | Crear | Villager (Male) |
| 0:12 | Crear | Villager (Male) |
| 1:32 | Construir | House |
| 1:35 | Crear | Villager (Male) |
| 1:35 | Crear | Villager (Male) |
| 1:48 | Construir | Lumber Camp |
| 2:11 | Crear | Villager (Male) |
| 2:12 | Crear | Villager (Male) |
| 2:17 | Crear | Villager (Male) |
| 2:17 | Crear | Villager (Male) |
| 2:50 | Crear | Villager (Male) |
| 2:51 | Crear | Villager (Male) |
| 2:51 | Crear | Villager (Male) |
| 3:12 | Crear | Villager (Male) |
| 3:13 | Crear | Villager (Male) |
| 3:57 | Construir | House |
| 4:06 | Crear | Villager (Male) |
| 4:14 | Construir | Dock |
| 4:15 | Construir | Palisade Wall |
| 4:16 | Construir | Palisade Wall |
| 4:21 | Construir | Palisade Wall |
| 4:46 | Crear | Villager (Male) |
| 4:55 | Crear | Fishing Ship |
| 5:25 | Crear | Villager (Male) |
| 5:39 | Crear | Fishing Ship |
| 5:43 | Investigar | Loom |
| 5:52 | Construir | House |
| 6:16 | Investigar | Feudal Age |
| 6:16 | Investigar | Feudal Age |
| 6:29 | Construir | Mining Camp |
| 6:55 | Crear | Fishing Ship |
| 7:36 | Crear | Fishing Ship |
| 7:41 | Crear | Villager (Male) |
| 8:03 | Construir | Dock |
| 8:26 | Edad | Edad Feudal |
| 8:28 | Crear | Fire Galley |
| 8:28 | Investigar | Double-Bit Axe |
| 8:42 | Crear | Fire Galley |
| 8:45 | Crear | Villager (Male) |
| 9:17 | Crear | Villager (Male) |
| 9:20 | Construir | House |
| 9:26 | Investigar | Town Watch |
| 9:30 | Construir | Dock |
| 9:34 | Crear | Villager (Male) |
| 9:37 | Crear | Unit 2626 |
| 9:43 | Construir | House |
| 10:03 | Crear | Unit 2626 |
| 10:04 | Crear | Villager (Male) |
| 10:11 | Crear | Villager (Male) |
| 10:16 | Construir | House |
| 10:32 | Crear | Unit 2626 |
| 10:38 | Crear | Villager (Male) |
| 10:54 | Construir | House |
| 10:55 | Crear | Villager (Male) |
| 11:09 | Crear | Villager (Male) |
| 11:15 | Crear | Demolition Raft |
| 11:22 | Construir | House |
| 11:35 | Crear | Villager (Male) |
| 11:40 | Construir | Dock |
| 11:47 | Crear | Fire Galley |
| 11:53 | Crear | Unit 2626 |
| 11:56 | Crear | Villager (Male) |
| 11:58 | Construir | House |
| 12:19 | Crear | Unit 2626 |
| 12:24 | Crear | Villager (Male) |
| 12:26 | Crear | Fishing Ship |
| 12:27 | Crear | Fishing Ship |
| 12:42 | Crear | Villager (Male) |
| 12:46 | Crear | Fishing Ship |
| 12:59 | Construir | Mill |
| 13:00 | Crear | Villager (Male) |
| 13:13 | Crear | Demolition Raft |
| 13:22 | Crear | Unit 2626 |
| 13:38 | Crear | Demolition Raft |
| 13:54 | Crear | Villager (Male) |
| 13:58 | Construir | House |
| 14:03 | Crear | Villager (Male) |
| 14:05 | Crear | Fishing Ship |
| 14:20 | Crear | Villager (Male) |
| 14:28 | Crear | Demolition Raft |
| 14:33 | Crear | Demolition Raft |
| 14:40 | Crear | Unit 2626 |
| 14:41 | Crear | Villager (Male) |
| 14:55 | Construir | House |
| 15:01 | Crear | Demolition Raft |
| 15:04 | Crear | Villager (Male) |
| 15:22 | Crear | Demolition Raft |
| 15:35 | Construir | Market |
| 15:39 | Construir | Market |
| 15:59 | Crear | Fishing Ship |
| 15:59 | Crear | Fishing Ship |
| 16:24 | Crear | Fishing Ship |
| 16:39 | Crear | Unit 2626 |
| 16:43 | Crear | Villager (Male) |
| 17:01 | Construir | Mining Camp |
| 17:15 | Construir | Blacksmith |
| 17:19 | Crear | Villager (Male) |
| 17:21 | Crear | Fishing Ship |
| 17:28 | Construir | House |
| 17:39 | Investigar | Castle Age |
| 17:39 | Investigar | Castle Age |
| 17:46 | Construir | Barracks |
| 18:15 | Crear | Demolition Raft |
| 18:28 | Construir | Stable |
| 18:52 | Crear | Fishing Ship |
| 19:11 | Crear | Unit 2626 |
| 19:17 | Investigar | Scale Barding Armor |
| 19:19 | Construir | Stable |
| 19:48 | Crear | Galley |
| 19:53 | Crear | Villager (Male) |
| 20:06 | Construir | Lumber Camp |
| 20:15 | Investigar | Bloodlines |
| 20:24 | Edad | Edad de los Castillos |
| 20:28 | Crear | Steppe Lancer |
| 20:28 | Crear | Steppe Lancer |
| 20:32 | Crear | Villager (Male) |
| 20:33 | Investigar | Bow Saw |
| 20:42 | Construir | Lumber Camp |
| 20:46 | Construir | Lumber Camp |
| 20:51 | Crear | Villager (Male) |
| 20:53 | Construir | House |
| 20:55 | Crear | Steppe Lancer |
| 20:55 | Crear | Steppe Lancer |
| 21:04 | Crear | Unit 2626 |
| 21:17 | Construir | Siege Workshop |
| 21:18 | Crear | Villager (Male) |
| 21:28 | Crear | Steppe Lancer |
| 21:28 | Crear | Steppe Lancer |
| 21:42 | Crear | Villager (Male) |
| 21:43 | Construir | House |
| 22:01 | Crear | Mangonel |
| 22:07 | Construir | House |
| 22:08 | Crear | Villager (Male) |
| 22:09 | Crear | Steppe Lancer |
| 22:10 | Crear | Steppe Lancer |
| 22:23 | Crear | Unit 2626 |
| 22:31 | Crear | Villager (Male) |
| 22:36 | Crear | Steppe Lancer |
| 22:36 | Crear | Steppe Lancer |
| 22:38 | Crear | Mangonel |
| 22:39 | Crear | Mangonel |
| 22:43 | Construir | House |
| 22:49 | Crear | Demolition Raft |
| 23:00 | Crear | Villager (Male) |
| 23:02 | Construir | Farm |
Build order — MatzeAoE
Primeras 150 de 467 acciones detectadas
| 0:00 | Crear | Villager (Male) |
| 0:01 | Crear | Villager (Male) |
| 0:02 | Construir | House |
| 0:03 | Construir | House |
| 0:05 | Crear | Villager (Male) |
| 0:05 | Crear | Villager (Male) |
| 1:06 | Construir | Lumber Camp |
| 1:33 | Crear | Villager (Male) |
| 1:33 | Crear | Villager (Male) |
| 1:53 | Crear | Villager (Male) |
| 1:53 | Crear | Villager (Male) |
| 2:26 | Crear | Villager (Male) |
| 2:45 | Crear | Villager (Male) |
| 2:45 | Crear | Villager (Male) |
| 3:07 | Crear | Villager (Male) |
| 3:27 | Crear | Villager (Male) |
| 3:28 | Crear | Villager (Male) |
| 3:36 | Construir | Dock |
| 3:44 | Construir | Palisade Wall |
| 3:45 | Construir | Palisade Wall |
| 3:53 | Construir | House |
| 4:06 | Crear | Villager (Male) |
| 4:06 | Crear | Villager (Male) |
| 4:18 | Crear | Fishing Ship |
| 4:27 | Crear | Villager (Male) |
| 4:42 | Crear | Villager (Male) |
| 4:57 | Construir | House |
| 5:06 | Crear | Fishing Ship |
| 5:50 | Crear | Villager (Male) |
| 5:52 | Crear | Fishing Ship |
| 6:17 | Investigar | Feudal Age |
| 7:03 | Construir | Dock |
| 7:06 | Crear | Fishing Ship |
| 7:37 | Construir | House |
| 7:42 | Construir | Mining Camp |
| 7:49 | Crear | Fishing Ship |
| 8:04 | Construir | Dock |
| 8:12 | Construir | Dock |
| 8:27 | Edad | Edad Feudal |
| 8:27 | Crear | Fire Galley |
| 8:33 | Crear | Villager (Male) |
| 8:41 | Construir | Mining Camp |
| 8:44 | Crear | Villager (Male) |
| 8:45 | Construir | Palisade Wall |
| 8:48 | Construir | Palisade Wall |
| 8:56 | Construir | Palisade Wall |
| 9:13 | Crear | Villager (Male) |
| 9:14 | Crear | Fire Galley |
| 9:14 | Crear | Fire Galley |
| 9:24 | Investigar | Double-Bit Axe |
| 9:24 | Investigar | Double-Bit Axe |
| 9:35 | Crear | Fire Galley |
| 9:36 | Crear | Fire Galley |
| 9:37 | Crear | Villager (Male) |
| 9:41 | Construir | House |
| 9:56 | Crear | Unit 2626 |
| 10:02 | Crear | Villager (Male) |
| 10:19 | Crear | Villager (Male) |
| 10:24 | Crear | Villager (Male) |
| 10:31 | Crear | Fire Galley |
| 10:32 | Crear | Fire Galley |
| 10:34 | Construir | House |
| 10:43 | Crear | Fishing Ship |
| 10:43 | Crear | Fishing Ship |
| 10:53 | Crear | Unit 2626 |
| 11:05 | Construir | House |
| 11:12 | Crear | Unit 2626 |
| 11:13 | Crear | Villager (Male) |
| 11:33 | Crear | Villager (Male) |
| 11:36 | Crear | Unit 2626 |
| 11:47 | Crear | Unit 2626 |
| 11:54 | Crear | Unit 2626 |
| 11:54 | Crear | Unit 2626 |
| 12:01 | Construir | House |
| 12:14 | Crear | Villager (Male) |
| 12:25 | Crear | Demolition Raft |
| 12:25 | Crear | Demolition Raft |
| 12:32 | Crear | Villager (Male) |
| 12:42 | Crear | Unit 2626 |
| 12:45 | Construir | House |
| 12:47 | Construir | House |
| 12:49 | Crear | Unit 2626 |
| 13:01 | Crear | Demolition Raft |
| 13:02 | Crear | Demolition Raft |
| 13:35 | Crear | Villager (Male) |
| 13:41 | Crear | Fire Galley |
| 13:41 | Crear | Fire Galley |
| 14:10 | Crear | Fire Galley |
| 14:17 | Investigar | Loom |
| 14:32 | Crear | Unit 2626 |
| 14:44 | Crear | Villager (Male) |
| 14:57 | Construir | House |
| 14:59 | Crear | Fishing Ship |
| 14:59 | Crear | Fishing Ship |
| 15:02 | Crear | Fishing Ship |
| 15:14 | Construir | Dock |
| 15:14 | Crear | Villager (Male) |
| 15:19 | Crear | Unit 2626 |
| 15:45 | Crear | Villager (Male) |
| 15:45 | Crear | Villager (Male) |
| 16:14 | Crear | Unit 2626 |
| 16:14 | Crear | Unit 2626 |
| 16:15 | Crear | Villager (Male) |
| 16:22 | Crear | Villager (Male) |
| 16:50 | Crear | Villager (Male) |
| 16:53 | Crear | Villager (Male) |
| 16:59 | Crear | Villager (Male) |
| 17:02 | Crear | Fishing Ship |
| 17:02 | Crear | Fishing Ship |
| 17:17 | Crear | Unit 2626 |
| 17:17 | Crear | Unit 2626 |
| 17:29 | Construir | Dock |
| 17:30 | Crear | Villager (Male) |
| 17:31 | Crear | Villager (Male) |
| 17:37 | Construir | Lumber Camp |
| 17:42 | Construir | Mill |
| 17:49 | Crear | Fishing Ship |
| 17:49 | Crear | Fishing Ship |
| 18:04 | Crear | Demolition Raft |
| 18:04 | Crear | Demolition Raft |
| 18:10 | Construir | House |
| 18:11 | Crear | Fishing Ship |
| 18:35 | Construir | Market |
| 18:46 | Crear | Villager (Male) |
| 19:06 | Construir | Blacksmith |
| 19:08 | Construir | Lumber Camp |
| 19:11 | Construir | Lumber Camp |
| 19:24 | Construir | Palisade Wall |
| 19:39 | Crear | Fishing Ship |
| 19:40 | Crear | Fishing Ship |
| 19:44 | Construir | Palisade Wall |
| 19:45 | Construir | Palisade Wall |
| 19:46 | Construir | Palisade Wall |
| 19:53 | Construir | Palisade Wall |
| 20:01 | Investigar | Castle Age |
| 20:18 | Construir | Mining Camp |
| 20:21 | Construir | Mining Camp |
| 20:24 | Investigar | Stone Mining |
| 20:29 | Crear | Unit 2626 |
| 20:53 | Crear | Unit 2626 |
| 20:59 | Construir | House |
| 21:01 | Construir | House |
| 21:03 | Construir | House |
| 21:05 | Construir | Palisade Wall |
| 21:07 | Construir | Palisade Wall |
| 21:10 | Construir | Palisade Wall |
| 21:12 | Construir | Palisade Wall |
| 21:14 | Construir | Palisade Wall |
| 21:19 | Construir | Palisade Wall |
| 21:21 | Construir | Palisade Wall |
Cronología de la partida
| 3:36 | MatzeAoE · first_building Dock |
| 3:44 | MatzeAoE · wall_segment Palisade Wall x1 |
| 3:45 | MatzeAoE · wall_segment Palisade Wall x1 |
| 4:14 | LE | Dimo · first_building Dock |
| 4:15 | LE | Dimo · wall_segment Palisade Wall x1 |
| 4:16 | LE | Dimo · wall_segment Palisade Wall x1 |
| 4:21 | LE | Dimo · wall_segment Palisade Wall x1 |
| 8:26 | LE | Dimo · age_up feudal |
| 8:27 | MatzeAoE · age_up feudal |
| 8:45 | MatzeAoE · wall_segment Palisade Wall x1 |
| 8:48 | MatzeAoE · wall_segment Palisade Wall x1 |
| 8:56 | MatzeAoE · wall_segment Palisade Wall x1 |
| 17:08 | LE | Dimo · first_market_buy 100 food |
| 17:11 | LE | Dimo · first_market_sell 100 stone |
| 17:46 | LE | Dimo · first_building Barracks |
| 18:28 | LE | Dimo · first_building Stable |
| 19:24 | MatzeAoE · wall_segment Palisade Wall x1 |
| 19:44 | MatzeAoE · wall_segment Palisade Wall x1 |
| 19:45 | MatzeAoE · wall_segment Palisade Wall x1 |
| 19:46 | MatzeAoE · wall_segment Palisade Wall x1 |
| 19:53 | MatzeAoE · wall_segment Palisade Wall x1 |
| 20:01 | MatzeAoE · first_market_buy 100 food |
| 20:24 | LE | Dimo · age_up castle |
| 21:05 | MatzeAoE · wall_segment Palisade Wall x1 |
| 21:07 | MatzeAoE · wall_segment Palisade Wall x1 |
| 21:10 | MatzeAoE · wall_segment Palisade Wall x1 |
| 21:12 | MatzeAoE · wall_segment Palisade Wall x1 |
| 21:14 | MatzeAoE · wall_segment Palisade Wall x1 |
| 21:17 | LE | Dimo · first_building Siege Workshop |
| 21:19 | MatzeAoE · wall_segment Palisade Wall x3 |
| 21:21 | MatzeAoE · wall_segment Palisade Wall x3 |
| 22:41 | MatzeAoE · age_up castle |
| 22:51 | MatzeAoE · first_building Castle |
| 23:50 | MatzeAoE · first_market_sell 100 food |
| 26:03 | LE | Dimo · wall_segment Stone Wall x1 |
| 30:29 | LE | Dimo · first_building Monastery |
| 31:41 | LE | Dimo · first_building Castle |
| 32:08 | MatzeAoE · first_building Siege Workshop |
| 33:27 | MatzeAoE · first_building Barracks |
| 34:33 | MatzeAoE · first_building Stable |
| 34:34 | MatzeAoE · first_building Archery Range |
| 34:37 | MatzeAoE · age_up imperial |
| 35:11 | LE | Dimo · wall_segment Stone Wall x1 |
| 36:56 | LE | Dimo · first_building Archery Range |
| 37:33 | LE | Dimo · age_up imperial |
| 48:14 | MatzeAoE · resign |
[ ANÁLISIS IA · 1 CRÉDITO ]
¿Qué pasó realmente en esta partida?
Wolo.gg analiza cada decisión: build order, eco, micro, errores típicos por bracket. Análisis personalizado por WhatsApp o Discord en 30 segundos.
Guía civ
Mongoles
Perfil
Jugador #3216208